 Seeded DCSS version 0.29-a0-375-g5102b3be25 (webtiles) character file.

Game seed: 13605594255664981076 (custom seed)

358 thiscave3701365 the Skirmisher (level 6, -2/56 HPs)
             Began as a Minotaur Berserker on May 3, 2022.
             Was a Believer of Trog.
             Slain by a gnoll shaman
             ... wielding a +0 whip
              (9 damage)
             ... on level 7 of the Dungeon.
             The game lasted 00:03:56 (4570 turns).

thiscave3701365 the Skirmisher (Minotaur Berserker) Turns: 4570, Time: 00:03:57

Health: -2/56      AC: 10    Str: 24    XL:     6   Next: 37%
Magic:  5/5        EV:  9    Int:  4    God:    Trog [**....]
Gold:   159        SH:  0    Dex:  9    Spells: 5/5 levels left

rFire   . . .      SeeInvis .   a - +0 hand axe
rCold   . . .      Faith    .   (no shield)
rNeg    . . .      Spirit   .   o - +1 chain mail {rPois}
rPois   +          Reflect  .   (helmet restricted)
rElec   .          Harm     .   (no cloak)
rCorr   .          Rampage  .   (no gloves)
Will    .....                   (no boots)
Stlth   ..........              (no amulet)
HPRegen 0.18/turn               (no ring)
MPRegen 0.09/turn               (no ring)

@: no status effects
A: horns 2, retaliatory headbutt
a: Renounce Religion, Berserk, Trog's Hand


You were on level 7 of the Dungeon.
You worshipped Trog.
Trog was pleased with you.
You visited 1 branch of the dungeon, and saw 5 of its levels.

You collected 159 gold pieces.

Inventory:

Hand Weapons
 a - a +0 hand axe (weapon)
Armour
 i - a +0 scale mail
 o - a +1 chain mail of poison resistance (worn)
Jewellery
 r - a ring of protection from cold
Wands
 u - a wand of charming (10)
Scrolls
 b - a scroll of vulnerability {unknown}
 d - a scroll of immolation {unknown}
 e - 5 scrolls of identify {unknown}
 g - a scroll of blinking {unknown}
 h - 2 scrolls of fog {unknown}
 k - 2 scrolls of poison {unknown}
 p - a scroll of torment {unknown}
 q - a scroll of teleportation {unknown}
Potions
 c - a potion of brilliance {unknown}
 f - 2 potions of haste {unknown}
 j - a potion of flight {unknown}
 l - a potion of might {unknown}
 m - a potion of ambrosia {unknown}
 n - a potion of magic {unknown}
 s - a potion of heal wounds {unknown}
 t - a potion of mutation {unknown}


   Skills:
 + Level 5.4 Fighting
 + Level 5.3 Axes
 + Level 4.5 Armour
 + Level 4.1 Dodging


You had 5 spell levels left.
You didn't know any spells.
Your spell library was empty.

Dungeon Overview and Level Annotations

Branches:
Dungeon (4/15)             Temple (0/1) D:4

Altars:
Gozag
Makhleb
Nemelex Xobeh
Okawaru
Uskayaw

Portals:
Ossuary: D:7


Innate Abilities, Weirdness & Mutations

You have a pair of horns on your head.
You reflexively headbutt those who attack you in melee.


Message History

You start resting.
A gnoll shaman comes into view. It is wielding a +0 whip.
A gnoll shaman is nearby!
A gnoll shaman is nearby!
You open the door.
A mummy comes into view.
The gnoll shaman shouts!
You hear a shout!
Found a sand-covered staircase.
The mummy hits you.
There is an open door here.
You hit the mummy but do no damage. The mummy hits you but does no damage.
You hit the mummy. Your headbutt misses the mummy.
The mummy is lightly damaged.
You hit the gnoll shaman.
The gnoll shaman hits you but does no damage.
You hit the mummy. Your headbutt misses the mummy.
The mummy is heavily damaged.
You hit the gnoll shaman.
You hear the hiss of an avalanche of sand.
The mummy hits you! The gnoll shaman closely misses you.
You barely miss the mummy.
The mummy is heavily damaged.
You hit the gnoll shaman.
The gnoll shaman hits you with a +0 whip.
The mummy hits you!
* * * LOW HITPOINT WARNING * * *
You barely miss the mummy. Your headbutt misses the mummy.
The mummy is heavily damaged.
You closely miss the gnoll shaman.
The gnoll shaman invokes the aid of its god against you.
You resist with some effort.
You hit the mummy.
The mummy is severely damaged.
You barely miss the gnoll shaman. The gnoll shaman closely misses you.
The mummy hits you but does no damage.
You hit the mummy.
The mummy is severely damaged.
You barely miss the gnoll shaman.
The gnoll shaman hits you with a +0 whip!
You die...

##...............
.................
..........#......
..........#....#.
..........#..#####
......#.....>....+
.....###......##
##..##M##.....#
#..###@###....#
.#....g..#...#
##.....###..## .
##...##.##..## ##..
#..###+###.###'###..#.....
................).....#
...####.........).....#
#################


You could see a gnoll shaman and a mummy.

Vanquished Creatures
  An ogre (D:4)
  An orc priest (D:4)
  An iguana (D:3)
  An orc wizard (D:3)
  6 gnolls
  3 adders
  2 white imps (D:7)
  An ufetubus (D:4)
  13 orcs
  4 endoplasms
  3 giant cockroaches
  8 goblins
  4 hobgoblins
  3 jackals (D:1)
  A quokka (D:4)
  10 ball pythons
  A bat (D:3)
  3 frilled lizards
  A hobgoblin zombie (D:7)
  5 kobolds
  7 rats
79 creatures vanquished.

Notes
Turn   | Place    | Note
-------+----------+-------------------------------------------
     0 | D:1      | thiscave3701365 the Minotaur Berserker began the quest for
                  | the Orb.
     0 | D:1      | Reached XP level 1. HP: 19/19 MP: 0/0
   348 | D:1      | Found a faded altar of an unknown god.
   406 | D:1      | Reached XP level 2. HP: 27/27 MP: 1/1
  1218 | D:2      | Reached XP level 3. HP: 33/33 MP: 2/2
  1407 | D:2      | Reached XP level 4. HP: 41/41 MP: 3/3
  1613 | D:2      | Reached ** piety under Trog
  2413 | D:3      | Found a burning altar of Makhleb.
  2413 | D:3      | Found a hide-covered altar of Uskayaw.
  2610 | D:3      | Reached XP level 5. HP: 47/47 MP: 4/4
  3384 | D:4      | Noticed an ogre
  3392 | D:4      | Killed an ogre
  3393 | D:4      | Reached skill level 5 in Fighting
  3393 | D:4      | Reached skill level 5 in Axes
  3894 | D:4      | Found a staircase to the Ecumenical Temple.
  3961 | D:4      | Found an opulent altar of Gozag.
  3961 | D:4      | Found a sparkling altar of Nemelex Xobeh.
  4074 | D:4      | Reached XP level 6. HP: 55/56 MP: 5/5
  4369 | D:4      | Found an iron altar of Okawaru.
  4425 | D:4      | You fall into a shaft and drop 3 floors!
  4562 | D:7      | Found a sand-covered staircase.
  4570 | D:7      | Slain by a gnoll shaman

Illustrated notes

Levels and vault maps discovered:
D:1:      wander_arrival_lonely_grave, layout_basic,
          ebering_ecumenical_altar_rust
D:2:      layout_basic, minmay_misc_feat_tower, grunt_decor_mini_mirrors
D:3:      layout_basic, mainiacjoe_overflow_divided_tiny
D:4:      layout_loops_ring, grunt_temple_overflow_opulence,
          general_overflow_altar, mainiacjoe_overflow_24_doors, temple_doors_ab
D:7:      layout_basic, nicolae_ossuary_entry_giza, minmay_manual_mess

Skill      XL: |  1  2  3  4  5  6 |
---------------+-------------------+-----
Fighting       | 4 5 |  5.4
Axes           | 4 5 |  5.3
Armour         | 3 4 |  4.5
Dodging        | 3 4 |  4.1

Action                   |  1- 3 |  4- 6 || total
-------------------------+-------+-------++-------
Melee: Hand axe          |    65 |   124 ||   189
       Headbutt          |     6 |    13 ||    19
Invok: Berserk           |     5 |     6 ||    11
Armor: Animal skin       |     2 |       ||     2
       Scale mail        |     7 |     6 ||    13
       Chain mail        |       |    50 ||    50
Dodge: Dodged            |    47 |    50 ||    97

Table legend: (Time is in decaauts)
 A = Elapsed time spent in this place.
 B = Non-inter-level travel time spent in this place.
 C = Inter-level travel time spent in this place.
 D = Time resting spent in this place.
 E = Time spent auto-exploring this place.
 F = Levels seen in this place.
 G = Mean time per level.
                   A        B        C        D        E       F      G
               +--------+--------+--------+--------+--------+-----+--------+
         Total |   4677 |   4511 |    166 |   1022 |   3006 |   5 |  935.4 |
       Dungeon |   4677 |   4511 |    166 |   1022 |   3006 |   5 |  935.4 |
               +--------+--------+--------+--------+--------+-----+--------+

Top non-repeatable levels by time:
     D:3: 1854 daAuts
     D:1: 1083 daAuts
     D:2: 965 daAuts
     D:4: 617 daAuts
     D:7: 155 daAuts
